 Dungeon Crawl Stone Soup version 0.31-a0-16-g6d2539766c (webtiles) character file.

Game seed: 489557225983457383

7455 BlueFish the Trooper (level 10, -2/86 HPs)
             Began as a Yellow Draconian Conjurer on May 9, 2023.
             Was an Elder of Cheibriados.
             Slain by an orc knight
             ... wielding a +0 halberd
              (24 damage)
             ... in a bailey.
             The game lasted 00:33:21 (11255 turns).

BlueFish the Trooper (Yellow Draconian Conjurer)   Turns: 11255, Time: 00:33:22

Health: -2/86      AC:  8    Str: 20    XL:     10   Next: 94%
Magic:  19/19      EV: 15    Int: 33    God:    Cheibriados [****..]
Gold:   762        SH:  7    Dex: 19    Spells: 13/21 levels left

rFire   + . .        u - +7 dagger of the Fray {flame, *Noise rPois rC- Stlth+}
rCold   x . .        x - +1 buckler {rF+}
rNeg    . . .        (body armour unavailable)
rPois   +            (helmet restricted)
rElec   .            J - scarf {shadows}
rCorr   +            O - +0 pair of gloves
SInv    .            (no boots)
Will    .....        H - amulet of magic regeneration
Stlth   +++++        y - ring of flight
HPRegen 0.34/turn    b - ring of poison resistance
MPRegen 0.56/turn

%: no passive effects
@: flying, very slow
A: spit acid, AC +7, unfitting armour, cold-blooded, acid resistance
a: Breathe Acid, Renounce Religion, Bend Time, Temporal Distortion, Slouch


You were in a bailey.
You worshipped Cheibriados.
Cheibriados was greatly pleased with you.
You visited 2 branches of the dungeon, and saw 11 of its levels.
You also visited: Bailey.

You collected 762 gold pieces.

Inventory:

Hand Weapons
 d - a +0 whip
 g - a +0 short sword
 u - the +7 dagger of the Fray (weapon) {flame, *Noise rPois rC- Stlth+}
   (You found it on level 4 of the Dungeon)

   rC:        It makes you vulnerable to cold.
   rPois:     It protects you from poison.
   *Noise:    It may make noises in combat.
   Stlth:     It makes you more stealthy.
Missiles
 n - a throwing net
Armour
 v - a +1 cloak
 x - a +1 buckler of fire resistance (worn)
 J - a scarf of shadows (worn)
 O - a +0 pair of gloves (worn)
Jewellery
 a - an amulet of guardian spirit
 b - a ring of poison resistance (right hand)
 o - a ring of protection from cold
 y - a ring of flight (left hand)
 H - an amulet of magic regeneration (around neck)
 K - an amulet of the acrobat
Wands
 j - a wand of iceblast (14)
 s - a wand of digging (3)
 C - a wand of flame (13)
 I - a wand of polymorph (2)
Scrolls
 c - 6 scrolls of identify {unknown}
 e - 6 scrolls of teleportation
 f - 2 scrolls of fog {unknown}
 i - a scroll of blinking {unknown}
 k - a scroll of summoning {unknown}
 m - 3 scrolls of enchant armour
 q - a scroll of silence {unknown}
 t - 3 scrolls of vulnerability {unknown}
 E - 2 scrolls of enchant weapon {unknown}
 F - 2 scrolls of noise {unknown}
 G - a scroll of magic mapping {unknown}
 M - a scroll of poison {unknown}
 N - 2 scrolls of acquirement
 R - a scroll of immolation {unknown}
Potions
 h - 2 potions of ambrosia
 l - 5 potions of curing
 p - a potion of degeneration {unknown}
 r - a potion of brilliance {unknown}
 w - 5 potions of cancellation {unknown}
 z - 2 potions of heal wounds
 A - 2 potions of might {unknown}
 B - 2 potions of flight {unknown}
 D - a potion of mutation {unknown}
 L - 3 potions of attraction {unknown}


   Skills:
 * Level 7.5 Fighting
 + Level 6.0 Dodging
 + Level 6.5 Stealth
 + Level 4.1 Shields
 + Level 4.7 Unarmed Combat
 + Level 6.0 Spellcasting
 + Level 7.4 Conjurations
 * Level 3.5 Invocations
 + Level 4.7 Evocations


You had 13 spell levels left.
You knew the following spells:

 Your Spells              Type           Power      Damage    Failure   Level
a - Magic Dart            Conj           100%       1d8       1%          1
b - Searing Ray           Conj           100%       2d8       1%          2
c - Dazzling Flash        Conj/Hex       68%        N/A       3%          3
d - Wereblood             Tmut           9%         N/A       8%          2

Your spell library contained the following spells:

 Spells                   Type           Power      Damage    Failure   Level
 Beastly Appendage        Tmut           18%        N/A       5%          1
 Sting                    Tmut/Pois      36%        1d4       5%          1
 Mephitic Cloud           Conj/Pois/Air  26%        N/A       6%          3
 Call Imp                 Summ           18%        N/A       8%          2
 Lesser Beckoning         Tloc           18%        N/A       8%          2
 Poisonous Vapours        Pois/Air       18%        N/A       8%          2
 Fulminant Prism          Conj/Hex       17%        3d10      12%         4
 Iskenderun's Mystic Bla  Conj/Tloc      34%        2d8       12%         4
 Gell's Gravitas          Tloc           9%         N/A       16%         3
 Spider Form              Tmut/Pois      9%         N/A       16%         3
 Teleport Other           Tloc           9%         N/A       16%         3
 Olgreb's Toxic Radiance  Pois           9%         N/A       45%         4
 Agony                    Necr           9%         N/A       82%         5
 Silence                  Hex/Air        4%         N/A       82%         5
 Dispersal                Tloc           4%         N/A       100%        6


Dungeon Overview and Level Annotations

Branches:
Dungeon (10/15)            Temple (1/1) D:6             Orc (0/2) D:9
 Bailey (1/1)
   Lair: D:8-11

Altars:
Cheibriados
Gozag
Kikubaaqudgha
Makhleb
Nemelex Xobeh
Qazlal
Sif Muna
Uskayaw
Xom
Yredelemnul

Shops:
D:4 *   D:9 [(

Annotations:
D:4 1 runed translucent door, 2 transporters


Innate Abilities, Weirdness & Mutations

You can spit globs of acid.
Your golden yellow scales are hard. (AC +7)
You cannot fit into any form of body armour.
You are cold-blooded and may be slowed by cold attacks.
You are resistant to acid. (rCorr)


Message History

The orc knight is moderately wounded.
The orc knight completely misses you.
The searing ray misses the orc knight.
You finish channelling your searing ray.
You block the orc knight's attack.
Press: ? - help, Shift-Dir - straight line, f/p - orc knight
Aim: an orc knight, wielding a +0 halberd and wearing a +0 ring mail (moderately wounded, 55% to hit)
You spit a glob of acid.
The glob of acid misses the orc knight.
The orc knight hits you from afar with a +0 halberd!
Aiming: Polymorph
Press: ? - help, Shift-Dir - straight line, f/p - orc knight
Aim: an orc knight, wielding a +0 halberd and wearing a +0 ring mail (moderately wounded, will become a culicivora, an elephant, or a death drake, chance to affect: 43%)
Okay, then.
Aiming: Iceblast
Press: ? - help, Shift-Dir - straight line, f/p - orc knight
Aim: an orc knight, wielding a +0 halberd and wearing a +0 ring mail (moderately wounded)
The mass of ice explodes!
The iceblast engulfs the orc knight!
The orc knight is moderately wounded.
The orc knight hits you from afar with a +0 halberd!!
Aiming: Iceblast
Press: ? - help, Shift-Dir - straight line, f/p - orc knight
Aim: an orc knight, wielding a +0 halberd and wearing a +0 ring mail (moderately wounded)
The mass of ice explodes!
The iceblast engulfs the orc knight!!
The orc knight is severely wounded.
The orc knight barely misses you.
Aiming: Iceblast
Press: ? - help, Shift-Dir - straight line, f/p - orc knight
Aim: an orc knight, wielding a +0 halberd and wearing a +0 ring mail (severely wounded)
The mass of ice explodes!
The iceblast engulfs the orc knight!!
The orc knight is almost dead.
You have got your breath back.
The orc knight hits you from afar with a +0 halberd!
* * * LOW HITPOINT WARNING * * *
Aiming: Iceblast
Press: ? - help, Shift-Dir - straight line, f/p - orc knight
Aim: an orc knight, wielding a +0 halberd and wearing a +0 ring mail (almost dead)
The mass of ice explodes!
The iceblast engulfs the orc knight.
The orc knight is almost dead.
The orc knight hits you from afar with a +0 halberd!!
You die...

#..#.#).#
#....)..#
#....)..#
##.....##
##'')##
#.....#
#.....#
#.....#
#..@..#
#.....#
##'o'##
##..)..##
#.......#
#..#.#..#
#.......#
#.....).#
#.......#


You could see an orc knight.

Vanquished Creatures
  4 orc knights (Bailey)
  A hornet (D:6)
  Prince Ribbit (D:5)
  A shadow (D:10)
  A wyvern (D:7)
  2 steam dragons (D:7)
  A water moccasin (D:7)
  An ice beast (D:6)
  12 orc warriors
  2 sky beasts
  3 ogres
  2 black bears
  A centaur (D:6)
  A phantom (D:6)
  2 kobold brigands
  2 bullfrogs
  2 gnoll sergeants
  A scorpion (D:5)
  12 wights
  6 killer bees
  A howler monkey (D:7)
  A jelly (D:5)
  7 hounds
  Crazy Yiuf (D:4)
  4 orc priests
  Natasha (twice) (D:3)
  5 iguanas
  A sleepcap (D:5)
  Terence (D:2)
  12 orc wizards
  A human skeleton (D:4)
  13 gnolls
  10 adders
  A shadow imp (D:6)
  An ufetubus (D:4)
  2 worms
  6 dart slugs
  66 orcs
  13 bats
  6 endoplasms
  4 giant cockroaches
  6 goblins
  9 hobgoblins
  2 jackals (D:4)
  8 quokkas
  7 ball pythons
  3 frilled lizards
  A jackal skeleton (D:4)
  18 kobolds
  7 rats
277 creatures vanquished.

Vanquished Creatures (others)
  A gnoll (D:9)
1 creature vanquished.

Grand Total: 278 creatures vanquished

Notes
Turn   | Place    | Note
-------+----------+-------------------------------------------
     0 | D:1      | BlueFish the Draconian Conjurer began the quest for the
                  | Orb.
     0 | D:1      | Reached XP level 1. HP: 14/14 MP: 3/3
   166 | D:1      | Reached XP level 2. HP: 20/20 MP: 5/5
   683 | D:1      | Reached XP level 3. HP: 26/26 MP: 4/6
   939 | D:2      | Noticed Terence
   955 | D:1      | Learned a level 2 spell: Searing Ray
   959 | D:1      | Learned a level 3 spell: Dazzling Flash
   974 | D:2      | Killed Terence
  1179 | D:2      | Reached XP level 4. HP: 23/33 MP: 2/7
  1713 | D:2      | Reached XP level 5. HP: 37/38 MP: 4/9
  2399 | D:3      | Noticed Natasha
  2405 | D:3      | Killed Natasha
  2726 | D:3      | Noticed Natasha
  2733 | D:3      | Killed Natasha
  2820 | D:3      | Reached skill level 5 in Conjurations
  3184 | D:4      | Noticed a human
  3184 | D:4      | Found a runed translucent door.
  3190 | D:4      | Noticed an ogre
  3192 | D:4      | Found Voad Los's Fire Supplies.
  3224 | D:4      | Noticed a black bear
  3234 | D:4      | Reached XP level 6. HP: 36/45 MP: 3/11
  3277 | D:4      | HP: 1/45 [shot self (11)]
  3512 | D:4      | Found a basalt altar of Yredelemnul.
  3729 | D:4      | Found a transporter.
  3739 | D:4      | Your scales start taking on a golden yellow colour.
  3739 | D:4      | Reached XP level 7. HP: 50/50 MP: 5/13
  3739 | D:4      | Gained mutation: You are resistant to acid. (rCorr) [Yellow
                  | Draconian growth]
  3888 | D:4      | Found a transporter.
  3982 | D:4      | Found a shimmering altar of Xom.
  4092 | D:4      | Identified the +7 dagger of the Fray {flame, *Noise rPois
                  | rC- Stlth+}
  4204 | D:4      | Found a runed translucent door.
  4205 | D:4      | Noticed Crazy Yiuf
  4213 | D:4      | Killed Crazy Yiuf
  4316 | D:5      | Entered Level 5 of the Dungeon
  4531 | D:5      | Reached skill level 1 in Fighting
  4534 | D:5      | Noticed Prince Ribbit
  4545 | D:5      | Killed Prince Ribbit
  4546 | D:5      | Reached skill level 1 in Unarmed Combat
  4546 | D:5      | Reached skill level 1 in Evocations
  4820 | D:5      | Found an ancient bone altar of Kikubaaqudgha.
  4836 | D:5      | Reached XP level 8. HP: 57/62 MP: 7/14
  5732 | D:6      | Reached skill level 1 in Shields
  5835 | D:6      | Found a staircase to the Ecumenical Temple.
  5840 | Temple   | Entered the Ecumenical Temple
  5905 | Temple   | Became a worshipper of Cheibriados the Contemplative
  6232 | D:6      | Reached skill level 5 in Stealth
  6323 | D:6      | Reached XP level 9. HP: 69/72 MP: 10/16
  6832 | D:6      | Reached skill level 5 in Spellcasting
  7002 | D:7      | Reached * piety under Cheibriados
  7003 | D:7      | Reached skill level 5 in Fighting
  7003 | D:7      | Reached skill level 5 in Dodging
  7667 | D:7      | Found a stormy altar of Qazlal.
  7785 | D:7      | Found a runed translucent door.
  7856 | D:7      | Reached ** piety under Cheibriados
  8147 | D:7      | Learned a level 2 spell: Wereblood
  8355 | D:8      | Reached XP level 10. HP: 83/83 MP: 15/18
  8390 | D:7      | Reached *** piety under Cheibriados
  8740 | D:8      | Found a shimmering blue altar of Sif Muna.
  8741 | D:8      | Found a hide-covered altar of Uskayaw.
  8743 | D:8      | Found an opulent altar of Gozag.
  9073 | D:8      | Found a sparkling altar of Nemelex Xobeh.
  9403 | D:9      | Found Pysmev's Weapon Shop.
  9405 | D:9      | Found a staircase to the Orcish Mines.
  9729 | D:9      | Found Gokkata's Armour Shop.
  9793 | D:9      | Reached skill level 1 in Invocations
 10105 | D:9      | Reached **** piety under Cheibriados
 10315 | D:10     | Entered Level 10 of the Dungeon
 10470 | D:10     | Found a flagged portal.
 10494 | Bailey   | Entered a bailey
 10744 | Bailey   | Noticed an orc knight
 10767 | Bailey   | Killed an orc knight
 10876 | Bailey   | Noticed an orc knight
 10906 | Bailey   | Killed an orc knight
 11099 | Bailey   | Noticed an orc knight
 11123 | Bailey   | Killed an orc knight
 11125 | Bailey   | Noticed an orc knight
 11151 | Bailey   | Killed an orc knight
 11243 | Bailey   | Noticed an orc knight
 11255 | Bailey   | Slain by an orc knight

Illustrated notes

Levels and vault maps discovered:
D:1:      spicycebolla_green_bress_n_ham, layout_basic
D:2:      layout_basic, minmay_pentomino_u2, uniq_terence
D:3:      layout_loops_corners, chequers_serial_rivers_small_a,
          nrook_mini_vaults, uniq_natasha
D:4:      layout_rooms, nicolae_overflow_hidden_temple, dk_yredelemnul_ordeal,
          lemuel_doored_altar, gammafunk_ghost_gnarly_gnolls,
          nicolae_shop_fire_sale [nicolae_sub_dead_trees], minmay_starry_boxes,
          uniq_crazy_yiuf_cottage
D:5:      layout_basic, mainiacjoe_overflow_small_starburst,
          chequers_hall_statues_y, uniq_prince_ribbit1
D:6:      layout_basic, minmay_temple_entry_arrows, minmay_holes,
          minmay_misc_feat_four_crosses, kennysheep_big_empty_room,
          hellmonk_bongcloud_opening
D:7:      cheibrodos_steamvent, layout_cave_pools, mainiacjoe_overflow_alcove_1,
          chequers_serial_rivers_micro_a, lightli_church_of_beogh
D:8:      layout_loops_ring, minitemple, nemelex_diamond_rough_becter,
          nicolae_fountain_basement
D:9:      layout_cave_pools, orc_david_3
D:10:     layout_gridville, enter_bailey_5, uniq_gastronok, uniq_erica
Temple:   nicolae_temple_figure_eight
Bailey:   bailey_polearm_5, bailey

Skill      XL: |  1  2  3  4  5  6  7  8  9 10 |
---------------+-------------------------------+-----
Stealth        | 2 3 4 5 6 |  6.5
Dodging        | 2 3 4 5 6 |  6.0
Spellcasting   | 3 4 5 6 |  6.0
Conjurations   | 5 6 7 |  7.4
Fighting       | 2 4 6 7 |  7.5
Unarmed Combat | 1 2 3 4 |  4.7
Evocations     | 1 2 3 4 |  4.7
Shields        | 1 3 4 |  4.1
Invocations    | 3 |  3.5

Action                     |  1- 3 |  4- 6 |  7- 9 | 10-12 || total
---------------------------+-------+-------+-------+-------++-------
  Melee: Unarmed           |    13 |       |       |       ||    13
         Whip              |    50 |       |       |       ||    50
         Tailslap          |     5 |     9 |    16 |    19 ||    49
         Short sword       |    14 |    68 |     6 |       ||    88
         Punch             |     2 |     2 |     1 |       ||     5
         Dagger            |       |       |   146 |   119 ||   265
   Cast: Magic Dart        |    46 |    56 |   124 |    87 ||   313
         Searing Ray       |     2 |    19 |    29 |    23 ||    73
 Invoke: Bend Time         |       |       |       |     8 ||     8
Ability: Breathe Acid      |       |       |    18 |    11 ||    29
  Evoke: Wand              |       |     2 |       |    10 ||    12
    Use: Potion            |     1 |     3 |       |     4 ||     8
         Scroll            |       |       |       |     1 ||     1
   Stab: Sleeping          |       |     2 |     2 |     1 ||     5
         Invisible         |       |       |       |     2 ||     2
         Paralysed         |       |       |       |     1 ||     1
 Armour: Skin              |    19 |    29 |    60 |    36 ||   144
  Dodge: Dodged            |    62 |    70 |   124 |   119 ||   375
  Block: Buckler           |       |       |    44 |    51 ||    95

Table legend: (Time is in decaauts)
 A = Elapsed time spent in this place.
 B = Non-inter-level travel time spent in this place.
 C = Inter-level travel time spent in this place.
 D = Time resting spent in this place.
 E = Time spent auto-exploring this place.
 F = Levels seen in this place.
 G = Mean time per level.
                   A        B        C        D        E       F      G
               +--------+--------+--------+--------+--------+-----+--------+
         Total |  12631 |  12161 |    470 |    353 |   9336 |  12 | 1052.6 |
       Dungeon |  11686 |  11238 |    448 |    353 |   8719 |  10 | 1168.6 |
        Temple |     88 |     66 |     22 |      0 |     61 |   1 |   88.0 |
        Bailey |    856 |    856 |      0 |      0 |    555 |   1 |  856.0 |
               +--------+--------+--------+--------+--------+-----+--------+

Top non-repeatable levels by time:
     D:7: 1792 daAuts
     D:6: 1458 daAuts
     D:9: 1344 daAuts
     D:8: 1304 daAuts
     D:5: 1229 daAuts
     D:3: 1153 daAuts
     D:2: 1138 daAuts
     D:4: 1131 daAuts
     D:1: 900 daAuts
  Bailey: 856 daAuts
    D:10: 232 daAuts
  Temple: 88 daAuts
